 Dungeon Crawl Stone Soup version 0.27.0-1-g7a089689b8 (webtiles) character file.

Game seed: 10860082663809861720

190 fiver49 the Caller (level 5, -5/21 HPs)
             Began as a Felid Summoner on Aug 17, 2021.
             Shot with an arrow by a centaur (8 damage)
             ... on level 5 of the Dungeon.
             The game lasted 00:24:03 (7995 turns).

fiver49 the Caller (Felid Summoner)                 Turns: 7995, Time: 00:24:03

Health: -5/21      AC:  2    Str:  4    XL:     5   Next: 41%
Magic:  1/11       EV: 17    Int: 19    God:
Gold:   149        SH:  0    Dex: 16    Spells: 4/11 levels left
                                        Lives:  0   Deaths: 1

rFire    . . .     SeeInvis +   (weapon unavailable)
rCold    . . .     Faith    .   (shield unavailable)
rNeg     . . .     Spirit   .   (armour unavailable)
rPois    .         Reflect  .   (helmet unavailable)
rElec    .         Harm     .   (cloak unavailable)
rCorr    .         Rampage  .   (gloves unavailable)
Will     +....                  (boots unavailable)
Stlth    ++........             (no amulet)
HPRegen  0.07/turn              f - ring of willpower
MPRegen  0.12/turn              (no ring)

@: flying, quick
A: very small, claws 1, fangs 3, see invisible, speed 1, shaggy fur 2, stealthy
paws, no weapons or thrown items, no armour, multi-lived
a: no special abilities


You were on level 5 of the Dungeon.
You visited 1 branch of the dungeon, and saw 5 of its levels.

You collected 149 gold pieces.

Inventory:

Missiles
 d - a stone
Jewellery
 f - a ring of willpower (left paw)
   (You found it on level 2 of the Dungeon)
Wands
 p - a wand of polymorph (9)
   (You found it on level 4 of the Dungeon)
Scrolls
 b - 2 scrolls of holy word
 i - 2 scrolls of noise
 k - 2 scrolls of vulnerability
 l - a scroll of enchant weapon {unknown}
 o - a scroll of teleportation {unknown}
Potions
 a - 2 potions of resistance {unknown}
 c - 2 potions of magic {unknown}
 e - 4 potions of curing
 g - a potion of haste
 j - a potion of berserk rage {unknown}
 m - 2 potions of flight
 q - a potion of experience {unknown}


   Skills:
 - Level 3.0 Dodging
 - Level 3.0 Stealth
 + Level 3.8 Spellcasting
 * Level 5.5 Summonings
 * Level 3.0 Earth Magic


You had 4 spell levels left.
You knew the following spells:

 Your Spells              Type           Power      Damage    Failure   Level
a - Summon Small Mammal   Summ           96%        N/A       1%          1
b - Call Imp              Summ           24%        N/A       2%          2
c - Sandblast             Erth           30%        2d9       4%          1
d - Call Canine Familiar  Summ           24%        N/A       4%          3

Your spell library contained the following spells:

 Spells                   Type           Power      Damage    Failure   Level
 Passwall                 Tmut/Erth      7%         N/A       12%         2
 Summon Guardian Golem    Hex/Summ       14%        N/A       13%         3
 Freeze                   Ice            12%        1d4       14%         1
 Frozen Ramparts          Ice            6%         1d2       38%         3
 Summon Lightning Spire   Summ/Air       14%        N/A       41%         4
 Hailstorm                Conj/Ice       3%         3d3       80%         4
 Lee's Rapid Deconstruct  Erth           7%         3d8*      75%         5
 Fireball                 Conj/Fire      1%         3d3       98%         5
 Iskenderun's Battlesphe  Conj           3%         2d6       98%         5
 Conjure Ball Lightning   Conj/Air       1%         3x3d6     100%        6
 Orb of Destruction       Conj           1%         N/A       100%        7


Dungeon Overview and Level Annotations

Branches:
Dungeon (5/15)
 Temple: D:4-7

Altars:
Ashenzari
Dithmenos
Okawaru
Uskayaw
Vehumet

Shops:
D:1 =

Annotations:
D:4 exclusion: ogre


Innate Abilities, Weirdness & Mutations

You have sharp claws.
You have razor-sharp teeth.
You have supernaturally acute eyesight. (SInv)
You cover ground quickly. (Speed+)
You are covered in thick fur. (AC +2)
Your paws help you pounce on unaware monsters.
You are incapable of wielding weapons or throwing items.
You cannot wear armour.
You gain extra lives every three experience levels.


Message History

The gnoll hits your white imp with a +0 flail!
Your white imp dies!
The gnoll hits your iron imp with a +0 whip.
Your hound bites the gnoll.
Your iron imp barely misses the gnoll.
Casting: Call Imp (safe; 2% risk of failure)
Confirm with . or Enter, or press ? or * to list all spells.
A beastly little devil appears in a puff of frigid air.
Your hound closely misses the gnoll.
The gnoll hits your iron imp with a +0 whip!
Your iron imp barely misses the gnoll.
The gnoll hits your iron imp with a +0 flail.
The gnoll hits your iron imp with a +0 whip.
Your iron imp dies!
The centaur hits your hound. The centaur barely misses your hound.
Your hound bites the centaur.
Casting: Call Imp (safe; 2% risk of failure)
Confirm with . or Enter, or press ? or * to list all spells.
A beastly little devil appears in a puff of flame.
Your hound misses the gnoll.
Your hound bites the gnoll.
The gnoll hits your white imp with a +0 flail.
Your hound barely misses the gnoll.
Your hound barely misses the gnoll.
Your white imp barely misses the gnoll.
The gnoll hits your white imp with a +0 flail!
Your white imp dies!
Casting: Call Imp (safe; 2% risk of failure)
Confirm with . or Enter, or press ? or * to list all spells.
Okay, then.
Your hound bites the gnoll.
The gnoll misses you.
You scratch the gnoll.
The gnoll is heavily wounded.
The centaur hits your crimson imp.
The centaur barely misses your crimson imp.
Your hound bites the gnoll.
Your crimson imp barely misses the gnoll.
The centaur wields a +0 shortbow.
The centaur shoots an arrow.
The arrow barely misses your crimson imp.
The arrow barely misses you.
Your hound bites the gnoll but does no damage.
The gnoll barely misses you.
You scratch the gnoll.
The gnoll is severely wounded.
Your hound bites the gnoll.
The centaur unwields a +0 shortbow.
The centaur completely misses your crimson imp.
The centaur closely misses your crimson imp.
Your crimson imp hits the gnoll.
The gnoll hits you with a +0 flail.
Unknown command.
You completely miss the gnoll.
The gnoll is severely wounded.
Your hound bites the gnoll.
The centaur wields a +0 shortbow.
The centaur shoots an arrow.
The arrow barely misses your crimson imp.
The arrow barely misses you.
Your crimson imp hits the gnoll.
The gnoll dies!
The gnoll closely misses you.
Casting: Call Imp (safe; 2% risk of failure)
Confirm with . or Enter, or press ? or * to list all spells.
A beastly little devil appears in a puff of frigid air.
Your hound disappears in a puff of smoke!
The centaur shoots an arrow.
The arrow hits your crimson imp.
The centaur unwields a +0 shortbow.
The centaur barely misses your crimson imp.
The centaur kicks your crimson imp but does no damage.
The gnoll misses you. What are your orders? t - Meow!
Orders for allies: a - Attack new target. p - Attack previous target. r - Retreat! s - Stop attacking. g - Guard the area. f - Follow me.
Anything else - Cancel.
Gang up on whom?
Press: ? - help, Dir - move target, f/p - centaur
Aim: a centaur, wearing a +0 robe and quivering arrows (ally target) Attack!
Your crimson imp barely misses the gnoll.
The centaur wields a +0 shortbow.
The centaur shoots an arrow.
The arrow hits your crimson imp!
Your crimson imp dies!
The gnoll closely misses you.
The centaur unwields a +0 shortbow.
The centaur misses you. The centaur barely misses you.
Your crimson imp blinks!
You barely miss the centaur.
Your white imp hits the centaur but does no damage.
The centaur barely misses you. The centaur closely misses you.
The gnoll hits you with a +0 flail!
Ouch! That really hurt!
* * * LOW HITPOINT WARNING * * *
Unknown command.
The centaur wields a +0 shortbow.
The centaur shoots an arrow.
The arrow hits your white imp!
Your white imp dies!
Okay, then.
Aiming: Polymorph
Press: ? - help, Shift-Dir - straight line, f/p - centaur
Aim: a centaur, wielding a +0 shortbow, wearing a +0 robe and quivering arrows (ally target, will become a wolf, a steam dragon, or a golden eye, chance to affect: 46%)
Okay, then.
It was a potion of flight.
You feel very buoyant.
You fly up into the air.
The centaur shoots an arrow.
The arrow hits you!
You die...

#. #. ...#. #. #..##.#........
.... ##.#
###..##.#...#.#....... ....
.....#.#...#.#.#......#
###.#.##.....................
.........#.##...#.....#.##..# .
..........$..............)..# .
###...##.#.##.@.#...........##.
?.......)5).g........># .......
##...#...####c.#..##.###......
#. #........................
#.....c#.....##.###......
#............##.# ###.###
.............##.# #.#
...............#.#####.#
..###..#..#.#..........<###


You could see a centaur (ally target), a gnoll and a friendly crimson imp
(summoned).

Vanquished Creatures
  A scorpion (D:4)
  An orc wizard (D:4)
  An adder (D:4)
  An adder skeleton (D:4)
  3 dart slugs
  3 orcs (D:4)
  4 ball pythons
  A bat (D:2)
  3 endoplasms
  5 giant cockroaches
  9 goblins
  6 hobgoblins
  2 jackals (D:1)
  A quokka (D:1)
  A kobold (D:2)
  5 rats
47 creatures vanquished.

Vanquished Creatures (collateral kills)
  A phantom (D:4)
  A scorpion (D:3)
  A howler monkey (D:3)
  2 orc priests (D:4)
  2 iguanas
  Robin (D:2)
  2 gnolls (D:5)
  A howler monkey skeleton (D:4)
  3 adders (D:2)
  A dart slug (D:2)
  4 orcs
  8 endoplasms
  3 giant cockroaches
  4 goblins
  5 hobgoblins
  6 jackals (D:1)
  3 kobolds
  3 quokkas
  A ball python (D:1)
  A frilled lizard (D:1)
53 creatures vanquished.

Grand Total: 100 creatures vanquished

Notes
Turn   | Place    | Note
-------+----------+-------------------------------------------
     0 | D:1      | fiver49 the Felid Summoner began the quest for the Orb.
     0 | D:1      | Reached XP level 1. HP: 7/7 MP: 4/4
   459 | D:1      | Reached skill level 3 in Stealth
   481 | D:1      | Reached skill level 3 in Dodging
   483 | D:1      | Reached XP level 2. HP: 11/11 MP: 1/6
   744 | D:1      | Found Uce Ofow's Jewellery Shop.
   804 | D:1      | Learned a level 2 spell: Call Imp
  1128 | D:1      | Learned a level 1 spell: Sandblast
  1764 | D:2      | Reached XP level 3. HP: 14/14 MP: 4/7
  2626 | D:2      | Reached skill level 3 in Spellcasting
  2963 | D:2      | Reached XP level 4. HP: 14/18 MP: 2/9
  3036 | D:2      | Noticed Robin
  3357 | D:2      | Killed Robin
  4258 | D:3      | Reached skill level 1 in Earth Magic
  4329 | D:3      | Found a faded altar of an unknown god.
  4452 | D:3      | Reached skill level 5 in Summonings
  4648 | D:3      | Learned a level 3 spell: Call Canine Familiar
  4749 | D:3      | Noticed a scorpion
  4833 | D:3      | Reached XP level 5. HP: 9/21 MP: 4/11
  6207 | D:4      | Reached skill level 2 in Earth Magic
  6421 | D:4      | Found an iron altar of Okawaru.
  6422 | D:4      | Found a radiant altar of Vehumet.
  6520 | D:4      | Found a shadowy altar of Dithmenos.
  6812 | D:4      | Found a broken altar of Ashenzari.
  6814 | D:4      | Noticed a phantom
  6861 | D:5      | Entered Level 5 of the Dungeon
  6881 | D:5      | Gained mutation: You are covered in thick fur. (AC +2)
                  | [Felid growth]
  6881 | D:5      | Reached XP level 6. HP: 11/24 MP: 8/12
  7438 | D:4      | Found a hide-covered altar of Uskayaw.
  7960 | D:5      | HP: 5/24 [centaur/arrow (8)]
  7961 | D:5      | Shot with an arrow by a centaur
  7962 | D:5      | Reached XP level 5. HP: -11/21 MP: 6/11
  7978 | D:5      | Reached skill level 3 in Earth Magic
  7993 | D:5      | HP: 3/21 [gnoll (13)]
  7995 | D:5      | Shot with an arrow by a centaur

Illustrated notes

Levels and vault maps discovered:
D:1:      sevenhm_arrival_forest_fort_large_2, layout_basic, serial_shops,
          nicolae_shop_trees, minmay_misc_feat_enclosed, fountainhead,
          minmay_worlds_worst_comb
D:2:      layout_basic, uniq_robin
D:3:      layout_basic, dreamdust_ecumenical_altar_statues
D:4:      layout_layer_cave, nicolae_overflow_hidden_temple,
          grunt_temple_overflow_open
D:5:      layout_basic, kennysheep_slug_shrine, nzn_wu_jian_contemplation,
          cheibrodos_sewer_entry_sluice, serial_shops, shop_fountains

Skill      XL: |  1  2  3  4  5 |
---------------+----------------+-----
Stealth        | 3 |  3.0
Dodging        | 3 |  3.0
Spellcasting   | 3 |  3.8
Earth Magic    | 1 3 |  3.0
Summonings     | 5 |  5.5

Action                   |  1- 3 |  4- 6 || total
-------------------------+-------+-------++-------
Melee: Unarmed           |   117 |   130 ||   247
       Bite              |     6 |     8 ||    14
 Cast: Summon Small Mamm |    24 |    28 ||    52
       Call Imp          |    19 |    49 ||    68
       Sandblast         |     9 |    11 ||    20
       Call Canine Famil |       |     3 ||     3
  Use: Potion            |       |     2 ||     2
       Scroll            |       |     4 ||     4
 Stab: Sleeping          |     8 |     7 ||    15
Armor: Skin              |    13 |     7 ||    20
Dodge: Dodged            |   128 |   128 ||   256

Table legend: (Time is in decaauts)
 A = Elapsed time spent in this place.
 B = Non-inter-level travel time spent in this place.
 C = Inter-level travel time spent in this place.
 D = Time resting spent in this place.
 E = Time spent auto-exploring this place.
 F = Levels seen in this place.
 G = Mean time per level.
                   A        B        C        D        E       F      G
               +--------+--------+--------+--------+--------+-----+--------+
         Total |   7255 |   6887 |    368 |    825 |   4732 |   5 | 1451.0 |
       Dungeon |   7255 |   6887 |    368 |    825 |   4732 |   5 | 1451.0 |
               +--------+--------+--------+--------+--------+-----+--------+

Top non-repeatable levels by time:
     D:3: 1950 daAuts
     D:4: 1793 daAuts
     D:1: 1758 daAuts
     D:2: 1573 daAuts
     D:5: 179 daAuts

Table legend:
 A = Kills in this place as a percentage of kills in entire the game.
 B = Kills by you in this place as a percentage of kills by you in the entire game.
 C = Kills by friends in this place as a percentage of kills by friends in the entire game.
 D = Other kills in this place as a percentage of other kills in the entire game.
 E = Experience gained in this place as a percentage of experience gained in the entire game.
 F = Experience gained in this place divided by the number of levels of this place that you have seen.
                   A       B       C       D       E      F
               +-------+-------+-------+-------+-------+----------------------
         Total | 100.0 | 100.0 | 100.0 |   N/A | 100.0 | 102.6
       Dungeon | 100.0 | 100.0 | 100.0 |   N/A | 100.0 | 102.6
               +-------+-------+-------+-------+-------+----------------------
